[Event "RUS Rapid GP Top 16 2018"]
[Site "Khanty-Mansiysk"]
[Date "2018.12.01"]
[Round "2"]
[White "Maletina, Tatiana"]
[Black "Bocharov, Dmitry"]
[Result "0-1"]
[ECO "E81"]
[WhiteElo "2239"]
[BlackElo "2684"]
[Annotator "RC"]
[PlyCount "54"]
[EventDate "2018.12.01"]
[EventType "swiss"]
[EventCountry "RUS"]
[SourceTitle "playchess.com"]
[Source "ChessBase"]
[SourceQuality "1"]
[TimeControl "900+10"]

1. d4 Nf6 2. c4 g6 3. f3 Bg7 4. e4 O-O 5. Nc3 d6 6. Be3 a6 7. Nge2 c6 8. c5 Nbd7 9. Nc1 dxc5 10. dxc5 Qc7 11. Nd3 Rd8 12. Qc2 Ne5 13. Nxe5 Qxe5 14. Be2 Nh5 15. g3 Bh3 16. Kf2 Nf6 17. Rad1 Nd7 18. Na4 Nf8 19. Nb6 Rab8 20. Bf4 Qxb2 21. Qxb2 Bxb2 22. Bxb8 Rxb8 23. Nc4 Bc3 24. g4 Ne6 25. Kg3 g5 26. Rd7 Nf4 27. Bf1 Be1# 0-1

[Event "RUS Rapid GP Top 16 2018"]
[Site "Khanty-Mansiysk"]
[Date "2018.12.01"]
[Round "4"]
[White "Kabanov, Nikolai"]
[Black "Kryakvin, Dmitry"]
[Result "1-0"]
[ECO "B13"]
[WhiteElo "2403"]
[BlackElo "2529"]
[Annotator "RC"]
[PlyCount "97"]
[EventDate "2018.12.01"]
[EventType "swiss"]
[EventCountry "RUS"]
[SourceTitle "playchess.com"]
[Source "ChessBase"]
[SourceQuality "1"]
[TimeControl "900+10"]

1. e4 c6 2. d4 d5 3. exd5 cxd5 4. c3 Nc6 5. Bf4 Bf5 6. Nf3 e6 7. Qb3 Qd7 8. Nbd2 Nge7 9. Be2 Ng6 10. Bg3 Bd6 11. Bxd6 Qxd6 12. g3 O-O 13. h4 e5 14. h5 Nge7 15. dxe5 Nxe5 16. Nxe5 Qxe5 17. Nf3 Qc7 18. h6 g6 19. Nd4 Be4 20. Rh4 Nc6 21. Rd1 Rae8 22. Kf1 f5 23. Nb5 Qe5 24. f4 Qf6 25. Nc7 Re7 26. Nxd5 Bxd5 27. Qxd5+ Kh8 28. Rh2 g5 29. Qd6 Re6 30. fxg5 Qf7 31. Qd5 Qg6 32. Bh5 Qg8 33. Re2 Rxe2 34. Qxg8+ Rxg8 35. Bxe2 Rxg5 36. Rd7 Rxg3 37. Bb5 Rg6 38. Bxc6 bxc6 39. Rxa7 Rxh6 40. a4 Rh1+ 41. Kg2 Rb1 42. b4 Rb3 43. Rc7 Rxc3 44. b5 Rc2+ 45. Kf3 Rc3+ 46. Kf4 Rc4+ 47. Kxf5 cxb5 48. Rxc4 bxc4 49. Ke4 1-0

[Event "RUS Rapid GP Top 16 2018"]
[Site "Khanty-Mansiysk"]
[Date "2018.12.02"]
[Round "6"]
[White "Demidov, Mikhail"]
[Black "Ponkratov, Pavel"]
[Result "1/2-1/2"]
[ECO "A21"]
[WhiteElo "2586"]
[BlackElo "2658"]
[Annotator "RC"]
[PlyCount "84"]
[EventDate "2018.12.01"]
[EventType "swiss"]
[EventCountry "RUS"]
[SourceTitle "playchess.com"]
[Source "ChessBase"]
[SourceQuality "1"]
[TimeControl "900+10"]

1. c4 e5 2. Nc3 d6 3. d4 Be7 4. e3 f5 5. Bd3 Nf6 6. Nge2 O-O 7. O-O c6 8. f3 Na6 9. a3 Nc7 10. Qc2 g6 11. b4 Be6 12. Bb2 Qe8 13. dxe5 dxe5 14. Nd1 Nd7 15. Nf2 Bf6 16. e4 f4 17. c5 g5 18. Bc4 h5 19. Rfd1 Qf7 20. Bxe6 Nxe6 21. Rd6 Rfd8 22. Rad1 Ndf8 23. Qc4 a5 24. h3 Rxd6 25. Rxd6 Nc7 26. Qc2 axb4 27. axb4 Nb5 28. Rd1 Ne6 29. Ra1 Re8 30. Qc4 Nec7 31. Qc2 Na6 32. Nd3 Qg7 33. Qc4+ Qf7 34. Qc2 Kh7 35. Rd1 Kh6 36. Qd2 Qg7 37. Kf1 Rd8 38. Qc2 Rg8 39. Qc4 Rd8 40. Ke1 Nbc7 41. Nf2 Rxd1+ 42. Kxd1 Qd7+ 1/2-1/2

[Event "RUS Rapid GP Top 16 2018"]
[Site "Khanty-Mansiysk"]
[Date "2018.12.02"]
[Round "6"]
[White "Shuvalova, Polina"]
[Black "Sarana, Alexey"]
[Result "0-1"]
[ECO "B51"]
[WhiteElo "2411"]
[BlackElo "2617"]
[Annotator "RC"]
[PlyCount "158"]
[EventDate "2018.12.01"]
[EventType "swiss"]
[EventCountry "RUS"]
[SourceTitle "playchess.com"]
[Source "ChessBase"]
[SourceQuality "1"]
[TimeControl "900+10"]

1. e4 c5 2. Nf3 d6 3. Bb5+ Nd7 4. O-O a6 5. Bd3 Ngf6 6. Re1 g6 7. c3 Bh6 8. Bf1 Ne5 9. Nxe5 dxe5 10. a4 O-O 11. Na3 Be6 12. Nc4 Qc7 13. d4 Bxc1 14. Rxc1 cxd4 15. cxd4 exd4 16. Qxd4 Rfd8 17. Qe3 Ng4 18. Qg3 Qxg3 19. hxg3 Bxc4 20. Rxc4 Rac8 21. Rxc8 Rxc8 22. Be2 h5 23. f3 Nf6 24. b3 Rc3 25. Bc4 Nd7 26. Kf2 Nc5 27. Re3 Rc2+ 28. Re2 Rc3 29. Re3 Nxa4 30. Bxa6 bxa6 31. bxa4 Rc4 32. Ra3 a5 33. Ke3 Kg7 34. Kd3 Rb4 35. Ra2 Kf6 36. Ke3 Kg5 37. Kf2 Kf6 38. Ke3 Ke5 39. Ra3 e6 40. f4+ Kf6 41. Kf3 g5 42. Ke3 Kg6 43. Kf3 Rc4 44. Ke3 Rc2 45. fxg5 Rxg2 46. Kd4 Rb2 47. Kc5 Rb4 48. e5 Kxg5 49. Rf3 Kg6 50. Ra3 Kg7 51. Kd6 Kf8 52. Kd7 Rc4 53. Kd6 Ke8 54. Ra2 Rd4+ 55. Kc6 Rb4 56. Kd6 Kf8 57. Ra3 Re4 58. Ra2 Kg7 59. Ra3 Kg6 60. Ra2 f6 61. exf6 Kxf6 62. Ra3 Kg5 63. Ra2 Kg4 64. Ra3 Kg5 65. Ra2 Kf5 66. Ra3 Rd4+ 67. Kc5 Rb4 68. Ra1 e5 69. Rh1 Kg5 70. Re1 e4 71. Ra1 e3 72. Re1 Re4 73. Kd5 Re8 74. Kd4 Kg4 75. Kd3 e2 76. Kd2 Kxg3 77. Rh1 e1=Q+ 78. Rxe1 Rxe1 79. Kxe1 Kg2 0-1

[Event "RUS Rapid GP Top 16 2018"]
[Site "Khanty-Mansiysk"]
[Date "2018.12.02"]
[Round "7"]
[White "Pridorozhni, Aleksei"]
[Black "Demidov, Mikhail"]
[Result "1-0"]
[ECO "A21"]
[WhiteElo "2631"]
[BlackElo "2586"]
[Annotator "RC"]
[PlyCount "135"]
[EventDate "2018.12.01"]
[EventType "swiss"]
[EventCountry "RUS"]
[SourceTitle "playchess.com"]
[Source "ChessBase"]
[SourceQuality "1"]
[TimeControl "900+10"]

1. c4 e5 2. Nc3 Bb4 3. g3 Bxc3 4. bxc3 d6 5. Bg2 Ne7 6. d3 O-O 7. Nh3 Nbc6 8. O-O h6 9. f4 Be6 10. Rb1 Rb8 11. Nf2 f5 12. fxe5 dxe5 13. e4 f4 14. Qe2 fxg3 15. hxg3 b6 16. Be3 Qd6 17. Bh3 Bxh3 18. Nxh3 Na5 19. Kg2 c5 20. Rxf8+ Rxf8 21. Nf2 Nac6 22. Rd1 Qe6 23. Bc1 Qg6 24. Rh1 Kh7 25. Ng4 Ng8 26. Ne3 Nge7 27. Rh5 Ng8 28. Nd5 Qe6 29. a4 Nf6 30. Rh4 Ne7 31. Be3 Ng6 32. Rh1 Qc6 33. Qd1 Qd7 34. a5 Qc6 35. axb6 axb6 36. Bg5 Nxd5 37. cxd5 Qd6 38. Be3 Ra8 39. Rf1 Kg8 40. Rf2 Rf8 41. Rb2 Rb8 42. Qg4 Nf8 43. c4 Ra8 44. Rf2 Nh7 45. Qh5 Rf8 46. Rxf8+ Kxf8 47. Qf5+ Nf6 48. Bd2 Ke7 49. g4 Ke8 50. Qg6+ Kf8 51. Bc3 Kg8 52. Kf3 Qf8 53. Ke2 Qe7 54. Kd2 Qc7 55. Qf5 Nd7 56. Qe6+ Kh7 57. Qe7 Kg6 58. Ke3 Kh7 59. d6 Qc8 60. Bxe5 Nxe5 61. Qxe5 Kh8 62. Qf5 Qd8 63. e5 Kg8 64. Qe6+ Kf8 65. d7 Qg5+ 66. Ke4 Qd8 67. Qd6+ Kg8 68. e6 1-0